 Dungeon Sprint DCSS version 0.31-a0-37-g98a128e1d9 (webtiles) character file.

Game seed: 5804628000079026741

16508 bmack86 the Executioner (level 12, -5/122 HPs)
             Began as a Minotaur Fighter on May 15, 2023.
             Was a High Priest of Okawaru.
             Slain by a boulder beetle (30 damage)
             ... in the Dungeon (Sprint IX: "|||||||||||||||||||||||||||||").
             The game lasted 00:11:34 (1705 turns).

bmack86 the Executioner (Minotaur Fighter)          Turns: 1705, Time: 00:11:35

Health: -5/122     AC: 24    Str: 30    XL:     12   Next: 10%
Magic:  20/20      EV: 14    Int:  5    God:    Okawaru [*****.]
Gold:   718        SH:  8    Dex:  9    Spells: 11/11 levels left

rFire   + + .        m - +6 broad axe (flame)
rCold   x . .        c - +0 buckler
rNeg    . . .        H - +1 fire dragon scales
rPois   .            (helmet restricted)
rElec   .            r - +0 cloak of Nequh {Stlth+}
rCorr   .            G - +1 pair of gloves
SInv    .            F - +1 pair of boots
Will    .....        (no amulet)
Stlth   ++           b - +2 ring of evasion
HPRegen 0.40/turn    p - +3 ring of strength
MPRegen 0.17/turn

%: no teleportation
@: heroic
A: horns 2, retaliatory headbutt
a: Renounce Religion, Heroism, Finesse


You were in the Dungeon.
You worshipped Okawaru.
Okawaru was extremely pleased with you.
You visited 1 branch You collected 1869 gold pieces.
You spent 1151 gold pieces at shops.

Inventory:

Hand Weapons
 m - a +6 broad axe of flaming (weapon)
 E - the +9 spear of the Final Decision {venom, *Rage rC+ Str+3 Stlth+}
   (You found it in the Dungeon)

   Str:       It affects your strength (+3).
   rC:        It protects you from cold.
   *Rage:     It berserks you when you make melee attacks (+20% chance).
   Stlth:     It makes you more stealthy.
Missiles
 y - 5 curare-tipped darts (quivered)
Armour
 c - a +0 buckler (worn)
 o - a +0 plate armour
 r - the +0 cloak of Nequh (worn) {Stlth+}
   (Okawaru gifted it to you in the Dungeon)

   Stlth:     It makes you more stealthy.
 t - a +0 pair of boots
 u - a +0 pair of gloves
 F - a +1 pair of boots (worn)
 G - a +1 pair of gloves (worn)
 H - +1 fire dragon scales (worn)
Jewellery
 b - a +2 ring of evasion (left hand)
 p - a +3 ring of strength (right hand)
 A - a ring of fire
 B - a ring of see invisible
 C - a ring of willpower
 D - a ring of poison resistance
Wands
 l - a wand of iceblast (10)
 n - a wand of digging (1)
Scrolls
 d - 4 scrolls of identify
 g - a scroll of fear
 j - 5 scrolls of blinking
 k - 2 scrolls of amnesia
 q - 3 scrolls of brand weapon
Potions
 a - 6 potions of brilliance
 e - 12 potions of curing
 f - 8 potions of heal wounds
 h - 4 potions of magic
 i - a potion of invisibility
 s - a potion of flight
 v - 5 potions of might
 x - 3 potions of haste
 z - a potion of cancellation


   Skills:
 + Level 15.9(20.9) Fighting
 * Level 21.5(26.5) Axes
 + Level 2.1(7.1) Throwing
 + Level 16.0(21.0) Armour
 - Level 15.0(20.0) Shields
 + Level 12.5 Invocations


You had 11 spell levels left.
You didn't know any spells.
Your spell library was empty.

Dungeon Overview and Level Annotations

Branches:
Dungeon (1/1)

Altars:
Cheibriados
Dithmenos
Elyvilon
Fedhas
Gozag
Hepliaklqana
Kikubaaqudgha
Makhleb
Nemelex Xobeh
Okawaru
Qazlal
Ru
Sif Muna
Trog
Uskayaw
Vehumet
Wu Jian
Xom
Yredelemnul
Zin
The Shining One
Jiyva
Lugonu

Shops:
D !!(*


Innate Abilities, Weirdness & Mutations

You have a pair of horns on your head.
You reflexively headbutt those who attack you in melee.


Message History

Things that are here:
4 large rocks; a cyclops corpse Unknown command.
You slice the boulder beetle!! You burn the boulder beetle!
The boulder beetle is heavily wounded.
The moth of wrath changes into an orb spider!
The boulder beetle bites you!!
You have turned to stone.
The orb spider changes into a deep troll!
The boulder beetle bites you.
A glowing orange brain comes into view.
The boulder beetle bites you!!
The boulder beetle bites you but does no damage. x2
The glowing orange brain pulsates.
Something tries to feed on your intellect!
The boulder beetle leaps!
The boulder beetle bites you but does no damage.
The boulder beetle bites you.
The boulder beetle curls into a ball and begins rolling!
The boulder beetle bites you but does no damage. x2
The boulder beetle hits you!!
* * * LOW HITPOINT WARNING * * *
The boulder beetle stops rolling and uncurls.
The boulder beetle bites you. x2
* * * LOW HITPOINT WARNING * * *
The boulder beetle bites you but does no damage.
The boulder beetle bites you!!
* * * LOW HITPOINT WARNING * * *
The boulder beetle bites you but does no damage.
The boulder beetle bites you!!
* * * LOW HITPOINT WARNING * * *
The glowing orange brain pulsates.
Something tries to feed on your intellect!
The boulder beetle bites you.
You turn to flesh and can move again.
You feel much better. The boulder beetle barely misses you.
You furiously retaliate!
You headbutt the boulder beetle! The boulder beetle bites you!
* * * LOW HITPOINT WARNING * * *
The boulder beetle bites you!!
You die...

▓)▓.▓†▓.▓)▓.▓
▓)▓.▓.▓.▓∩▓.▓.▓
▓.▓.▓.▓.▓.▓.▓G▓
▓[▓.▓.▓.▓∩▓.▓Z▓
▓.▓.▓.▓.▓.▓.▓T▓
▓[▓.▓.▓.▓∩▓.▓y▓
▓.▓.▓.▓.▓.▓.▓C▓
▓)▓.▓.▓.▓)▓.▓B▓
▓.▓.▓†▓.▓)▓.▓@▓
▓.▓.▓.▓.▓)▓.▓B▓
▓'▓.▓†▓.▓)▓.▓.▓
▓_▓.▓.▓.▓'▓.▓†▓
▓_▓.▓.▓.▓.▓.▓.▓
▓_▓.▓.▓.▓.▓.▓.▓
▓_▓.▓.▓.▓.▓.▓.▓
▓_▓.▓.▓.▓.▓.▓.▓
▓_▓.▓.▓.▓.▓.▓.▓


You could see a frost giant, 2 boulder beetles, a glowing orange brain, a deep
troll shaped shifter, a vampire mosquito and a ball python simulacrum.

Vanquished Creatures
  Erica (D)
  A catoblepas (D)
  2 boulder beetles (D)
  2 two-headed ogres (D)
  Sonja (D)
  2 lindwurms (D)
  5 orc knights (D)
  An orc sorcerer (D)
  2 manticores (D)
  3 cyclopes (D)
  2 elephants (D)
  Joseph (D)
  A cane toad (D)
  A torpor snail (D)
  A cane toad (shapeshifter) (D)
  3 komodo dragons (D)
  Psyche (D)
  A troll (D)
  A tyrant leech (D)
  2 polar bears (D)
  A blink frog (D)
  A blink frog (shapeshifter) (D)
  A shadow (D)
  2 yaks (D)
  2 basilisks (D)
  A wraith (D)
  2 water moccasins (D)
  17 orc warriors (D)
  A wolf (D)
  A gnoll sergeant (D)
  A bullfrog (D)
  A hound (D)
  2 orc priests (D)
  A gnoll bouda (D)
  4 orc wizards (D)
  A gnoll (D)
  5 worms (D)
  9 orcs (D)
  A bat (D)
  2 hobgoblins (D)
  2 jackals (D)
  A ball python (D)
  A kobold (D)
94 creatures vanquished.

Notes
Turn   | Place    | Note
-------+----------+-------------------------------------------
     0 | D        | bmack86 the Minotaur Fighter began the quest for the Orb.
     0 | D        | Reached XP level 1. HP: 19/19 MP: 0/0
     7 | D        | Reached skill level 3 in Axes
    17 | D        | Noticed a hound
    17 | D        | Noticed a gnoll bouda
    23 | D        | Killed a gnoll bouda
    24 | D        | Reached skill level 5 in Axes
    24 | D        | Reached XP level 2. HP: 25/28 MP: 1/1
    24 | D        | Reached XP level 3. HP: 31/35 MP: 2/2
    28 | D        | Reached skill level 5 in Fighting
    28 | D        | Reached skill level 6 in Axes
    28 | D        | Reached skill level 5 in Armour
    28 | D        | Reached skill level 5 in Shields
    35 | D        | Reached XP level 4. HP: 38/42 MP: 3/3
    42 | D        | Found a snail-covered altar of Cheibriados.
    42 | D        | Found a shadowy altar of Dithmenos.
    42 | D        | Found a white marble altar of Elyvilon.
    42 | D        | Found a blossoming altar of Fedhas.
    42 | D        | Found an opulent altar of Gozag.
    43 | D        | Found a hazy altar of Hepliaklqana.
    44 | D        | Found a viscous altar of Jiyva.
    45 | D        | Found an ancient bone altar of Kikubaaqudgha.
    46 | D        | Found a corrupted altar of Lugonu.
    47 | D        | Found a burning altar of Makhleb.
    48 | D        | Found a sparkling altar of Nemelex Xobeh.
    49 | D        | Found an iron altar of Okawaru.
    50 | D        | Found a stormy altar of Qazlal.
    51 | D        | Found a sacrificial altar of Ru.
    52 | D        | Found a shimmering blue altar of Sif Muna.
    53 | D        | Found a bloodstained altar of Trog.
    54 | D        | Found a hide-covered altar of Uskayaw.
    55 | D        | Found a radiant altar of Vehumet.
    56 | D        | Found an ornate altar of the Wu Jian Council.
    57 | D        | Found a shimmering altar of Xom.
    58 | D        | Found a basalt altar of Yredelemnul.
    59 | D        | Found a glowing silver altar of Zin.
    60 | D        | Found a glowing golden altar of the Shining One.
    65 | D        | Became a worshipper of Warmaster Okawaru
   118 | D        | Noticed a two-headed ogre
   118 | D        | Noticed a gnoll sergeant
   118 | D        | Noticed a troll
   118 | D        | Noticed a two-headed ogre
   118 | D        | Noticed a yak
   118 | D        | Noticed a shadow
   123 | D        | Killed a shadow
   124 | D        | Reached skill level 9 in Axes
   124 | D        | Reached XP level 5. HP: 32/52 MP: 3/6
   127 | D        | Killed a yak
   127 | D        | Reached * piety under Okawaru
   128 | D        | Reached skill level 10 in Axes
   128 | D        | Reached XP level 6. HP: 39/61 MP: 3/8
   132 | D        | Killed a two-headed ogre
   132 | D        | Reached ** piety under Okawaru
   133 | D        | Reached skill level 12 in Axes
   133 | D        | Reached XP level 7. HP: 46/70 MP: 3/10
   134 | D        | Killed a troll
   134 | D        | Reached *** piety under Okawaru
   135 | D        | Reached skill level 13 in Axes
   135 | D        | Reached XP level 8. HP: 52/79 MP: 3/11
   138 | D        | Killed a two-headed ogre
   138 | D        | Reached **** piety under Okawaru
   139 | D        | Reached skill level 10 in Fighting
   139 | D        | Reached skill level 14 in Axes
   139 | D        | Reached skill level 10 in Armour
   139 | D        | Reached skill level 10 in Shields
   258 | D        | Noticed a cyclops
   258 | D        | Noticed a boulder beetle
   258 | D        | Noticed a manticore
   258 | D        | Noticed a cyclops
   258 | D        | Noticed a manticore
   265 | D        | Killed a manticore
   266 | D        | Reached XP level 9. HP: 54/86 MP: 6/13
   272 | D        | Killed a boulder beetle
   273 | D        | Reached skill level 15 in Axes
   283 | D        | Killed a cyclops
   283 | D        | Reached ***** piety under Okawaru
   296 | D        | Killed a manticore
   297 | D        | Reached skill level 16 in Axes
   299 | D        | Killed a cyclops
   300 | D        | Reached XP level 10. HP: 29/97 MP: 8/15
   603 | D        | Noticed a cane toad
   612 | D        | Identified the +0 cloak of Nequh {Stlth+} (Okawaru gifted
                  | it to you in the Dungeon)
   612 | D        | Received a gift from Okawaru
   614 | D        | Noticed a torpor snail
   627 | D        | Reached skill level 17 in Axes
   636 | D        | Killed a cane toad
   643 | D        | Killed a torpor snail
   734 | D        | Noticed an elephant
   734 | D        | Noticed a boulder beetle
   744 | D        | Reached skill level 10 in Invocations
   749 | D        | Noticed an elephant
   751 | D        | Reached skill level 18 in Axes
   755 | D        | Killed a boulder beetle
   759 | D        | Killed an elephant
   771 | D        | Killed an elephant
   772 | D        | Reached XP level 11. HP: 108/108 MP: 12/17
   777 | D        | Noticed a lindwurm
   777 | D        | Noticed a lindwurm
   790 | D        | Killed a lindwurm
   798 | D        | Killed a lindwurm
   799 | D        | Reached skill level 19 in Axes
   875 | D        | Noticed Psyche
   883 | D        | Killed Psyche
  1080 | D        | Noticed an orc sorcerer
  1085 | D        | Killed an orc sorcerer
  1086 | D        | Noticed an orc knight
  1104 | D        | Killed an orc knight
  1235 | D        | Found Osidod's General Store.
  1235 | D        | Noticed an orc knight
  1244 | D        | Killed an orc knight
  1245 | D        | Reached skill level 20 in Axes
  1248 | D        | Found Ticzo's Weapon Shop.
  1254 | D        | Reached skill level 15 in Armour
  1260 | D        | Noticed an orc knight
  1261 | D        | Found Vesm's Distillery.
  1263 | D        | Reached skill level 15 in Fighting
  1264 | D        | Found Igrunlafey's Distillery.
  1268 | D        | Killed an orc knight
  1283 | D        | Bought 2 potions of might for 80 gold pieces
  1283 | D        | Bought a scroll of enchant weapon for 75 gold pieces
  1283 | D        | Bought a scroll of identify for 20 gold pieces
  1283 | D        | Bought a scroll of brand weapon for 95 gold pieces
  1284 | D        | Noticed an orc knight
  1284 | D        | Noticed an orc knight
  1295 | D        | Killed an orc knight
  1298 | D        | Killed an orc knight
  1299 | D        | Reached skill level 15 in Shields
  1317 | D        | Bought a potion of heal wounds for 55 gold pieces
  1317 | D        | Bought a potion of curing for 33 gold pieces
  1317 | D        | Bought a potion of heal wounds for 55 gold pieces
  1317 | D        | Bought a potion of haste for 110 gold pieces
  1317 | D        | Bought a potion of might for 44 gold pieces
  1317 | D        | Bought a potion of might for 44 gold pieces
  1317 | D        | Bought a potion of curing for 33 gold pieces
  1319 | D        | Bought 2 potions of haste for 260 gold pieces
  1319 | D        | Bought a potion of heal wounds for 65 gold pieces
  1319 | D        | Bought 2 potions of curing for 78 gold pieces
  1319 | D        | Bought a potion of cancellation for 104 gold pieces
  1499 | D        | Noticed Erica
  1500 | D        | Noticed Joseph
  1514 | D        | Killed Erica
  1518 | D        | Killed Joseph
  1519 | D        | Reached skill level 21 in Axes
  1540 | D        | Noticed Sonja
  1544 | D        | Killed Sonja
  1608 | D        | Got the +9 spear of the Final Decision {venom, *Rage rC+
                  | Str+3 Stlth+}
  1674 | D        | Noticed a boulder beetle
  1674 | D        | Noticed a boulder beetle
  1674 | D        | Noticed a catoblepas
  1679 | D        | Reached skill level 1 in Throwing
  1679 | D        | Reached XP level 12. HP: 122/122 MP: 17/20
  1688 | D        | Noticed a frost giant
  1694 | D        | Killed a catoblepas
  1705 | D        | Slain by a boulder beetle

Illustrated notes

Levels and vault maps discovered:
D:        linesprint [early_d, line_temple, items_1, d_10, items_2, lair_1,
          lair_end, items_3, orc_1, orc_end, items_4, d_15, swamp_1, shoals_1,
          snake_1, spider_1, d_20, vaults_1, items_5, swamp_end, shoals_end,
          snake_end, spider_end, vaults_end, d_27, items_6, zot_1, zot_end,
          crypt_end, forest_end, elf_end, slime_end, tomb_end, abyss_end,
          pan_hell_end]

Skill      XL: |  1  2  3  4  5  6  7  8  9 10 11 12 |
---------------+-------------------------------------+-----
Axes           | 5 6 9 10 12 13 14 16 18 21 | 21.5
Fighting       | 4 5 7 9 10 12 13 15 | 15.9
Armour         | 4 5 7 9 11 12 14 15 16 | 16.0
Shields        | 4 5 7 9 10 12 13 15 | 15.0
Invocations    | 3 4 6 7 9 10 12 | 12.5
Throwing       | 1 2 |  2.1

Action                     |  1- 3 |  4- 6 |  7- 9 | 10-12 || total
---------------------------+-------+-------+-------+-------++-------
  Melee: War axe           |    22 |       |       |       ||    22
         Headbutt          |     3 |     1 |     5 |    35 ||    44
         Broad axe         |       |    12 |    39 |   192 ||   243
 Invoke: Heroism           |       |       |     1 |    10 ||    11
         Finesse           |       |       |     1 |     8 ||     9
    Use: Potion            |     1 |     2 |     2 |     1 ||     6
         Scroll            |       |       |       |     6 ||     6
 Armour: Scale mail        |     9 |       |       |       ||     9
         Plate armour      |       |     4 |     9 |    39 ||    52
         Fire dragon scale |       |       |       |    12 ||    12
  Dodge: Dodged            |     4 |     3 |     5 |    38 ||    50
  Block: Buckler           |     2 |     1 |     8 |    35 ||    46

Table legend: (Time is in decaauts)
 A = Elapsed time spent in this place.
 B = Non-inter-level travel time spent in this place.
 C = Inter-level travel time spent in this place.
 D = Time resting spent in this place.
 E = Time spent auto-exploring this place.
 F = Levels seen in this place.
 G = Mean time per level.
                   A        B        C        D        E       F      G
               +--------+--------+--------+--------+--------+-----+--------+
         Total |   1579 |   1579 |      0 |    646 |      0 |   1 | 1579.0 |
       Dungeon |   1579 |   1579 |      0 |    646 |      0 |   1 | 1579.0 |
               +--------+--------+--------+--------+--------+-----+--------+

Top non-repeatable levels by time:
       D: 1579 daAuts
